 Dungeon Crawl Stone Soup version 0.31-a0-889-g1a8549509d (webtiles) character file.

Game seed: 11883056956470854326

39 gelatine the Ruffian (level 3, 0/26 HPs)
             Began as a Demonspawn Shapeshifter on Oct 17, 2023.
             Succumbed to an adder's poison
             ... on level 2 of the Dungeon.
             The game lasted 00:02:22 (916 turns).

gelatine the Ruffian (Demonspawn Shapeshifter)       Turns: 916, Time: 00:02:23

Health: 0/26       AC:  2    Str: 16    XL:     3   Next: 28%
Magic:  3/3        EV: 12    Int: 13    God:
Gold:   47         SH:  0    Dex: 12    Spells: 2/2 levels left

rFire   . .          .
                       - Unarmed
rCold   . . .        (no shield)
rNeg    . . .        a - +0 animal skin
rPois   .            (helmet currently unavailable)
rElec   .            (cloak currently unavailable)
rCorr   .            (gloves currently unavailable)
SInv    .            (boots currently unavailable)
Will    .....        (no amulet)
Stlth   +            (no ring)
HPRegen 0.24/turn    (no ring)
MPRegen 0.08/turn

%: no passive effects
@: lethally poisoned (0 -> -6), beast-form
A: beast (slay +1), horns 1, big brain 1
a: Begin Untransformation


You were on level 2 of the Dungeon.
You were a hulking beast.
You visited 1 branch of the dungeon, and saw 2 of its levels.

You collected 47 gold pieces.

Inventory:

Hand Weapons
 f - a +1 antimagic sling
Armour
 a - a +0 animal skin (worn)
Talismans
 c - a beast talisman (active)
 d - a flux talisman
Scrolls
 j - a scroll of noise {unknown}
 k - a scroll of torment {unknown}
 l - a scroll of identify {unknown}
Potions
 b - a potion of lignification
 e - a potion of heal wounds {unknown}
 g - 2 potions of degeneration {unknown}
 h - a potion of brilliance {unknown}
 i - a potion of haste {unknown}


   Skills:
 * Level 1.1 Fighting
 * Level 2.2 Dodging
 * Level 0.6 Stealth
 * Level 3.2 Unarmed Combat
 * Level 3.0 Shapeshifting


You had 2 spell levels left.
You didn't know any spells.
Your spell library was empty.

Dungeon Overview and Level Annotations

Branches:
Dungeon (2/15)

Altars:


Innate Abilities, Weirdness & Mutations

You are a hulking beast.
Your limbs bulge with bestial killing power. (Slay +1)
You have a pair of small horns on your head.
You have an unusually large brain. (Int +2)


Message History

Found a stone staircase leading down.
The adder closely misses you.
You hit the adder.
The adder is moderately wounded.
The adder bites you.
You are poisoned.
The adder poisons you! The adder barely misses you.
You hit the adder. Your headbutt misses the adder. You punch the adder.
The adder is severely wounded.
You feel sick. The adder barely misses you. The kobold misses you.
You hit the adder.
The adder is almost dead.
You feel sick. The adder bites you.
The kobold hits you with a +0 short sword.
You barely miss the kobold.
You feel sick. The adder barely misses you. The adder bites you.
You are more poisoned.
The adder poisons you!
The kobold hits you with a +0 short sword.
You hit the adder but do no damage.
The adder is almost dead.
You feel sick. The adder bites you but does no damage.
The kobold barely misses you.
You hit the adder but do no damage.
The adder is almost dead.
You feel sick. The adder bites you.
You miss the adder.
The adder is almost dead.
The kobold barely misses you. The adder bites you.
* * * LOW HITPOINT WARNING * * *
You are lethally poisoned!
The adder poisons you!
You hit the adder.
You kill the adder!
* * * LOW HITPOINT WARNING * * *
You feel sick.
The kobold hits you with a +0 short sword.
* * * LOW HITPOINT WARNING * * *
You barely miss the kobold. Your headbutt misses the kobold.
You die...

. .~ ~..
#######
≈≈≈≈#....<##
#........##
#.........#
#....h....#
#....†K..$#
#.........#
#$........#
#......<.##
#..........
#.........>.#
#.#.........#


You could see a kobold.

Vanquished Creatures
  An adder (D:2)
  A dart slug (D:1)
  A ball python (D:1)
  3 bats (D:1)
  2 endoplasms (D:1)
  A giant cockroach (D:1)
  2 goblins (D:1)
  A hobgoblin (D:1)
  4 jackals (D:1)
  3 quokkas (D:1)
  4 kobolds (D:1)
  2 rats (D:1)
25 creatures vanquished.

Notes
Turn   | Place    | Note
-------+----------+-------------------------------------------
     0 | D:1      | gelatine the Demonspawn Shapeshifter began the quest for
                  | the Orb.
     0 | D:1      | Reached XP level 1. HP: 15/15 MP: 1/1
   183 | D:1      | Gained mutation: You have an unusually large brain. (Int
                  | +2) [demonic ancestry]
   183 | D:1      | Reached XP level 2. HP: 19/21 MP: 2/2
   734 | D:1      | Gained mutation: You have a pair of small horns on your
                  | head. [demonic ancestry]
   734 | D:1      | Reached XP level 3. HP: 25/26 MP: 3/3
   916 | D:2      | Succumbed to an adder's poison

Illustrated notes

Levels and vault maps discovered:
D:1:      evilmike_arrival_crescent, layout_loops_cross
D:2:      layout_rooms, st_stairs_14, chequers_serial_rivers_micro_e,
          uniq_robin, uniq_crazy_yiuf_cottage, uniq_jessica

Skill      XL: |  1  2 |
---------------+-------+-----
Unarmed Combat | 3 |  3.2
Dodging        | 2 |  2.2
Shapeshifting  | 3 |  3.0
Fighting       | |  1.1
Stealth        | |  0.6

Action                     || total
---------------------------++-------
  Melee: Unarmed           ||    88
         Punch             ||     4
         Headbutt          ||     1
   Stab: Sleeping          ||     2
 Armour: Animal skin       ||    55
  Dodge: Dodged            ||    64

Table legend: (Time is in decaauts)
 A = Elapsed time spent in this place.
 B = Non-inter-level travel time spent in this place.
 C = Inter-level travel time spent in this place.
 D = Time resting spent in this place.
 E = Time spent auto-exploring this place.
 F = Levels seen in this place.
 G = Mean time per level.
                   A        B        C        D        E       F      G
               +--------+--------+--------+--------+--------+-----+--------+
         Total |    911 |    842 |     69 |      0 |    659 |   2 |  455.5 |
       Dungeon |    911 |    842 |     69 |      0 |    659 |   2 |  455.5 |
               +--------+--------+--------+--------+--------+-----+--------+

Top non-repeatable levels by time:
     D:1: 900 daAuts
     D:2: 11 daAuts
